[Event "Fall GM-C Norm Invitational 2022"]
[Site "Charlotte"]
[Date "2022.11.20"]
[Round "6"]
[White "Rodriguez Garcia, Victor"]
[Black "Sethuraman, Sandeep"]
[Result "0-1"]
[ECO "B51"]
[WhiteElo "2350"]
[BlackElo "2371"]
[Annotator "TA"]
[PlyCount "110"]
[EventDate "2022.11.18"]
[EventType "tourn"]
[EventCountry "USA"]
[SourceTitle "playchess.com"]
[Source "ChessBase"]
[SourceQuality "1"]
[TimeControl "5400+30"]

1. e4 c5 2. Nf3 d6 3. Bb5+ Nd7 4. d4 cxd4 5. Nxd4 a6 6. Bd3 {[%emt 0:00:23] B51: Sicilian: Moscow Variation (3 Bb5+) without 3...Bd7.} Ngf6 7. O-O e5 8. Nb3 {[%emt 0:01:53] White has an edge.} Be7 9. c4 a5 10. Nc3 a4 11. Nd2 Nc5 12. Bc2 Bd7 {[%emt 0:01:35] [#]} 13. Ndb1 $146 ({Predecessor:} 13. Qe2 O-O 14. Nb5 Bg4 15. f3 Be6 16. Nb1 Qb6 17. Be3 Qc6 18. N1c3 Na6 19. Nd5 Bxd5 20. exd5 {1-0 (27) Gonzalez Palacio,O (1606)-Murillo Subia,A (1665) San Jose de David 2020}) 13... Bc6 14. Re1 O-O 15. Na3 Nfd7 16. Be3 Qa5 17. Qd2 Nb6 18. Rac1 Rfc8 19. Bb1 Bd7 20. Red1 Qa6 21. f3 Bf8 (21... Nxc4 $2 22. Nxc4 Be6 23. Nxd6 $18) (21... Be6 $11) 22. Qe2 $1 $14 Be6 23. Nd5 (23. Ncb5 $1 $14) 23... Nxd5 $1 $11 24. exd5 Bd7 25. f4 (25. g4 $14) 25... exf4 26. Bd4 g6 27. Qf2 Bh6 28. Qh4 {[%emt 0:01:58] [#] Intending Qf6 and mate.} Bg7 {[%emt 0:00:02] Inhibits Qf6.} 29. Bxg7 Kxg7 30. Qxf4 Qb6 {[%emt 0:00:46] Hoping for ...Nd3+.} 31. Qd4+ Kg8 32. Rf1 Re8 33. Rf2 Re5 34. Rcf1 f5 35. g4 $1 fxg4 36. Rf6 Rae8 37. Qf2 {[%emt 0:06:15][%cal Of6g6] Threatening mate with Rxg6+!} Bf5 38. Nb5 Re2 (38... Qd8 $11 39. Nxd6 (39. Rxd6 Qe7 $17) 39... Qxf6 40. Nxe8 Rxe8 41. Qxc5 Qh4) 39. Qd4 $14 Bxb1 ({Better is} 39... Rd2 $1 $14 40. Qxd2 Ne4+ 41. Qd4 Qxd4+ 42. Nxd4 Nxf6) 40. Rxd6 $4 (40. Nxd6 $18 {[%cal Of6f8] Rf8+! would kill now.} Qxb2 41. Qxb2 Rxb2 42. Nxe8) 40... Be4 $2 41. Rf7 $2 (41. Rxb6 $11 Rg2+ 42. Kh1 Rxb2+ 43. Kg1 Rg2+ 44. Kh1 Rxa2+ 45. Kg1 Rg2+ 46. Kh1 Rd2+ 47. Kg1 Rg2+ 48. Kh1 Rd2+ 49. Kg1 Rxd4 50. Nxd4) 41... Re1+ $19 42. Rf1 Rxf1+ 43. Kxf1 Qa5 44. Nc3 Qc7 45. Nb5 Qa5 {[%emt 0:00:16] ( -> ...Bd3+)} 46. Nc3 $1 Qc7 47. Nb5 Qf7+ {[%emt 0:01:13] Black is clearly winning.} 48. Rf6 Qxf6+ 49. Qxf6 Rf8 50. Qxf8+ Kxf8 51. Kf2 Bd3 52. Na3 h5 53. Ke3 h4 54. b4 axb3 55. axb3 {[%emt 0:00:04] [#]} Nxb3 $1 {[%emt 0:01:24] Weighted Error Value: White=0.36/Black=0.45} 0-1

[Event "Fall GM-C Norm Invitational 2022"]
[Site "Charlotte"]
[Date "2022.11.21"]
[Round "7"]
[White "Sethuraman, Sandeep"]
[Black "Escobar Forero, Alder"]
[Result "1/2-1/2"]
[ECO "D36"]
[WhiteElo "2371"]
[BlackElo "2510"]
[Annotator "TA"]
[PlyCount "135"]
[EventDate "2022.11.18"]
[EventType "tourn"]
[EventCountry "USA"]
[SourceTitle "playchess.com"]
[Source "ChessBase"]
[SourceQuality "1"]
[TimeControl "5400+30"]

1. d4 d5 2. c4 e6 3. Nc3 Nf6 4. cxd5 exd5 5. Bg5 c6 6. Qc2 Bd6 7. e3 O-O {[%emt 0:00:14] D36: Queen's Gambit Declined: Exchange Variation: Main line (5 Bg5 c6 6 Qc2).} 8. Bd3 {[%emt 0:01:41][%cal Od3h7] Bxh7+! is the strong threat.} h6 9. Bh4 Na6 10. Bxa6 bxa6 11. Nf3 {[%emt 0:01:19] [#]} Be6 $146 ({Predecessor:} 11... Re8 12. Ne2 Bb4+ 13. Kf1 Bd7 14. Ne5 Be7 15. Nxc6 Rc8 16. Nxe7+ Qxe7 17. Nc3 g5 {½-½ (37) Villa Cerda,J-Owens,J (1300) ICCF email 2013}) 12. O-O c5 13. dxc5 Bxc5 14. Rad1 Be7 15. Qa4 {[%emt 0:08:44] White has more active pieces. The black rooks are badly placed.} Qb6 16. Bxf6 Bxf6 17. Nxd5 Bxd5 18. Rxd5 Qxb2 19. Qxa6 Rfc8 20. h3 Rc2 21. a4 Qb6 22. Rd6 Qc7 23. Nd4 Bxd4 24. Rxd4 ({Of course not} 24. exd4 $6 Rc1 25. g3 Rb8 26. Rxc1 Qxc1+ 27. Qf1 Qa3 $11) 24... Rb8 25. Rfd1 Ra2 26. Rc4 {[%emt 0:07:09] Against Qc2} Qb7 27. Qa5 Qe7 (27... Qb6 $16 {was worth a try.} 28. Qf5 a6) 28. Qf5 $1 $18 Qe8 $2 (28... Qf6 29. Qxf6 gxf6) 29. Rdc1 (29. Rc7 $142) 29... Rd8 30. Rc8 Ra1 31. Rxa1 {[%emt 0:00:42] Intending Rxd8 and mate.} Rxc8 $16 {[%emt 0:00:01][%mdl 4096] Endgame KQR-KQR} 32. Rd1 Rc7 {[%emt 0:03:58] Inhibits Qd7.} (32... Rd8 $142 33. Rxd8 Qxd8) 33. a5 Re7 (33... Qe7 $16 {was called for.} 34. g4 g6) 34. Qc5 (34. Rd6 $18) 34... Rd7 {[%emt 0:00:13] [#]} (34... Rb7 $16 35. Rd5 Qb8) 35. Rxd7 $1 $18 Qxd7 {[%emt 0:00:01] [#] KQ-KQ} 36. a6 $1 Kh7 37. Qd4 (37. e4 $18) 37... Qe7 38. Qd5 f6 39. Qd4 Qc7 40. f4 (40. Qe4+ $18 Kg8 41. Qd5+ Kf8 42. Qb7) 40... Kh8 (40... h5 $1 $14) 41. Kh2 $16 Kh7 42. Qe4+ Kh8 43. Qd4 Kh7 $1 44. Kg3 Kh8 45. e4 Qf7 46. Kh2 (46. Qe3 $16) 46... Qc7 $1 $11 47. Kg3 ({White should try} 47. Qf2 $11) 47... Qf7 $1 $16 48. Qc5 {[%emt 0:03:40] Against Qc7} Qd7 49. Kh2 (49. Qe3 $16) 49... Qd2 $1 $11 50. Qc8+ Kh7 51. Qf5+ Kh8 52. Qc8+ (52. e5 $14 fxe5 53. Qxe5 (53. fxe5 Qd5 $16)) 52... Kh7 53. Qf5+ (53. Qg4 $11) 53... Kh8 $14 54. e5 fxe5 55. fxe5 (55. Qxe5 $14 {was preferrable.} Qf2 56. Qe8+ Kh7 57. Qe4+ Kg8 58. f5) 55... Qe2 $11 {[%emt 0:00:25] The position is equal.} 56. Qc8+ Kh7 57. Qf5+ Kh8 58. Qe6 Qe4 59. Qc8+ Kh7 60. Qc5 Kg8 61. Qxa7 Qxe5+ 62. Kh1 {[%emt 0:00:25] And now Qg1 would win.} Qa1+ 63. Kh2 Qe5+ 64. g3 {[%emt 0:00:11] aiming for Qf2.} Qe2+ 65. Kg1 {[%emt 0:00:05] Strongly threatening Qb8+.} Qe1+ 66. Kg2 {[%emt 0:00:05] Black must now prevent Qf2.} Qe2+ 67. Kh1 Qf1+ 68. Kh2 {[%emt 0:00:03] Black defended with fortune.  Weighted Error Value: White=0.23 (precise) /Black=0.18 (very precise)} 1/2-1/2

[Event "Fall GM-C Norm Invitational 2022"]
[Site "Charlotte"]
[Date "2022.11.21"]
[Round "7"]
[White "Gedajlovic, Max"]
[Black "Wang, Tianqi"]
[Result "1-0"]
[ECO "E11"]
[WhiteElo "2317"]
[BlackElo "2428"]
[Annotator "TA"]
[PlyCount "63"]
[EventDate "2022.11.18"]
[EventType "tourn"]
[EventCountry "USA"]
[SourceTitle "playchess.com"]
[Source "ChessBase"]
[SourceQuality "1"]
[TimeControl "5400+30"]

1. d4 Nf6 2. c4 e6 3. Nf3 Bb4+ 4. Bd2 Qe7 5. e3 Bxd2+ 6. Qxd2 d6 7. Nc3 {[%emt 0:02:59] E11: Bogo-Indian.} O-O 8. Bd3 e5 {[%emt 0:00:31] Strongly threatening ...e4.} 9. Bc2 {[%emt 0:00:20] The position is equal.} Bg4 10. h3 {[%emt 0:02:06] [#]} Be6 $146 ({Predecessor:} 10... Bxf3 11. gxf3 Nc6 12. d5 Nb4 13. O-O-O Nxc2 14. Qxc2 Nd7 15. h4 Kh8 16. h5 Nc5 {0-1 (31) Yanchenko,R (2436)-Terry,R (2481) Chess.com INT 2017}) 11. b3 exd4 12. Nxd4 a5 13. O-O Nbd7 14. f4 {[%emt 0:03:58] And now f5 would win. White is more active.} Nc5 15. e4 a4 (15... c6 $142) 16. Rae1 (16. b4 $142 Ncd7 17. Qe2) 16... axb3 $16 17. axb3 Rad8 $2 (17... Rfe8 $14) 18. Qf2 (18. Nd5 $18 Bxd5 19. exd5) 18... c6 {[%emt 0:03:18] [#]} (18... Rfe8 $16) 19. g4 (19. Nf3 $1 $18) 19... Bc8 (19... Rfe8 $16 {was necessary.}) 20. Nf3 (20. b4 $18 {and White stays clearly on top.} Na6 21. g5) 20... Na6 (20... Nfd7 $16 {keeps fighting.}) 21. Qh4 $18 {[%emt 0:02:21] Black must now prevent e5.} Nb4 22. Bb1 h6 23. g5 Nd7 {[%emt 0:06:31] [#]} (23... Rfe8 $142 24. gxf6 Qxf6 25. Qxf6 gxf6) 24. Nd5 $1 cxd5 25. exd5 Ne5 26. fxe5 dxe5 27. Rxe5 Qd6 28. gxh6 g6 29. Rg5 Qc5+ 30. Kh1 {[%emt 0:00:53] White wants to mate with Ne5.} Rde8 {[%emt 0:00:51] [#]} 31. Qg3 (31. Bxg6 $142 $1 fxg6 32. Rxg6+ Kh8 33. h7 Qe3 34. Rg8+ Rxg8 35. hxg8=N+ Kxg8 36. Rg1+ Qxg1+ 37. Kxg1) 31... Re7 32. d6 {[%emt 0:00:57] Weighted Error Value: White=0.21 (precise) /Black=0.85} 1-0

[Event "Fall GM-C Norm Invitational 2022"]
[Site "Charlotte"]
[Date "2022.11.21"]
[Round "7"]
[White "Slade, Theodore"]
[Black "Rodriguez Garcia, Victor"]
[Result "0-1"]
[ECO "A80"]
[WhiteElo "2028"]
[BlackElo "2350"]
[Annotator "TA"]
[PlyCount "94"]
[EventDate "2022.11.18"]
[EventType "tourn"]
[EventCountry "USA"]
[SourceTitle "playchess.com"]
[Source "ChessBase"]
[SourceQuality "1"]
[TimeControl "5400+30"]

1. d4 f5 2. Nc3 Nf6 3. Bg5 d5 4. Bxf6 exf6 5. e3 Be6 6. Bd3 Qd7 {[%emt 0:00:38] A80: Dutch Defence: Unusual White second moves.} 7. Nge2 Nc6 8. Nf4 Bf7 {[%emt 0:01:32] Against Qh5. The position is equal.} 9. a3 g6 10. Qf3 O-O-O 11. Bb5 Kb8 12. Nd3 a6 13. Ba4 Qe6 14. O-O {[%emt 0:06:45] [#]} Na5 $146 ({Predecessor:} 14... Na7 15. b4 b6 16. Nf4 Qd6 17. Bb3 g5 18. Nfxd5 Be6 19. Rfb1 Nc8 20. b5 a5 {1-0 (36) Patino Andreu,J-Mate Adan,R Ponferrada 1997}) 15. b4 Nc4 16. Qe2 {[%emt 0:03:26] Against Nd2} Bd6 17. Nc5 Qe7 18. Bb3 c6 19. a4 Rhe8 20. b5 (20. Rfb1 $11) 20... Bxc5 $17 21. dxc5 Qxc5 {[%emt 0:03:37] Strongly threatening ...d4.} 22. Bxc4 Qxc4 23. Qxc4 dxc4 24. bxc6 b6 (24... bxc6 $17 25. Rfb1+ Kc7) 25. Ne2 $2 (25. a5 $1 $14 {is the one way to stay ahead.} b5 26. Na2) 25... Kc7 26. Nd4 Bd5 27. Rfd1 Bxc6 28. Rd2 (28. g3 $17) 28... Rd7 (28... f4 $1 $19 29. exf4 Bxa4 $1) 29. c3 Be4 {[%emt 0:00:35] Black is more active.} ({Black should try} 29... f4 $1 30. exf4 Bxa4 $1) 30. Rb2 Bd3 31. h3 Rde7 {[%emt 0:01:13][%cal Of5f4] White must now prevent ...f4!} 32. Nf3 {[%emt 0:02:43] [#]} (32. g3 $17) 32... g5 $1 $19 33. Raa2 Rd8 34. Rb4 Rd6 35. Kh2 h6 (35... f4 $19 36. exf4 gxf4) 36. Rd2 (36. Kg3 $17 {was called for.}) 36... f4 37. exf4 gxf4 38. Ra2 Re2 39. Rxe2 (39. Rbb2 $142 Rxb2 40. Rxb2) 39... Bxe2 {[%emt 0:00:02][%mdl 4096] Endgame KRB-KRN} 40. Nd4 $2 {[%emt 0:00:49] [#]} (40. Nh4) 40... Bd3 $2 (40... Rxd4 $1 41. cxd4 Bd3) 41. f3 $2 {[%emt 0:01:20] [#]} (41. Nf3) 41... Rxd4 $1 42. cxd4 {[%emt 0:00:06] KR-KB} (42. g3 Rd7) 42... c3 43. Rb3 c2 44. Rc3+ Kd6 {[%emt 0:00:04] aiming for ...Kd5.} 45. Kg1 Kd5 {[%emt 0:00:01] Black mates.} 46. Kf2 Kxd4 47. Rc6 Bc4 {[%emt 0:00:08] Weighted Error Value: White=0.72/Black=0.27 (precise)} 0-1

[Event "Fall GM-C Norm Invitational 2022"]
[Site "Charlotte"]
[Date "2022.11.21"]
[Round "8"]
[White "Macieja, Bartlomiej"]
[Black "Sethuraman, Sandeep"]
[Result "1-0"]
[ECO "A28"]
[WhiteElo "2514"]
[BlackElo "2371"]
[Annotator "TA"]
[PlyCount "158"]
[EventDate "2022.11.18"]
[EventType "tourn"]
[EventCountry "USA"]
[SourceTitle "playchess.com"]
[Source "ChessBase"]
[SourceQuality "1"]
[TimeControl "5400+30"]

1. c4 Nf6 2. Nc3 e5 3. Nf3 Nc6 4. e3 Bb4 5. Qc2 O-O 6. Nd5 Re8 7. Qf5 d6 {[%emt 0:00:07] A28: English Opening: Four Knights Variation.} 8. Nxf6+ $1 gxf6 9. Qc2 e4 {[%emt 0:10:25] The position is equal.} 10. a3 {[%emt 0:03:31] [#] Nd4 is the strong threat.} Bc5 $146 {[%emt 0:05:01] Prevents Nd4.} (10... exf3 $11 11. axb4 Nxb4) ({Predecessor:} 10... exf3 11. axb4 fxg2 12. Rg1 Nxb4 13. Qc3 a5 14. Rxg2+ Kf8 15. d3 Qe7 16. e4 Qe5 {½-½ (46) Spagnoli,L-Petukhov,V (2208) ICCF email 2013}) 11. Nh4 d5 12. b4 Bf8 13. cxd5 Qxd5 14. Bc4 (14. Bb2 $11) 14... Qh5 (14... Qg5 $15 15. g3 Bh3) 15. g3 $1 $11 a5 16. b5 Ne5 17. Qxe4 (17. Bb2 $5 ) 17... Bg4 {[%emt 0:04:29] Against Be2} 18. Qc2 $1 Nf3+ 19. Nxf3 Bxf3 20. Rf1 c6 (20... Rad8 $11) 21. b6 ({White should try} 21. bxc6 $16 Bxc6 22. Bb2) 21... Bg2 $36 {[%emt 0:05:33][%mdl 2048] Black is more active.} 22. Bb2 Bxf1 23. Kxf1 Qxh2 24. Qf5 Qh6 25. Qxf6 {[%emt 0:06:57] The board is on fire.} Qxf6 26. Bxf6 {[%emt 0:00:04] This bishop pair is nice.} Bg7 27. Bxg7 Kxg7 {[%emt 0:00:02][%mdl 4096] Endgame KRR-KRB} 28. Ke2 Rad8 29. Rh1 Re5 30. a4 (30. f4 $5 Rc5 31. d3 $11) 30... Rd6 31. f4 Rc5 32. d3 Rg6 (32... Rh6 $1 $11 {keeps the balance.} 33. Rxh6 Kxh6) 33. Kf3 $16 {[%emt 0:00:14][%mdl 1024] White has strong compensation. White is more active.} Rd6 {[%emt 0:02:16] [#]} 34. g4 $1 {[%emt 0:01:26] Against h5} h6 35. Ke4 ({Better is} 35. Rh2 $16) 35... Rd7 {[%emt 0:05:44] Black is now going downhill.} (35... h5 $1 $11) 36. Rc1 {[%emt 0:03:20] Threatens to win with d4.} h5 37. g5 {[%emt 0:00:26] Strongly threatening d4.} Re7+ $2 {[%emt 0:00:58][%mdl 8192] [#]} (37... f5+ $16 38. gxf6+ Kxf6) 38. Kf3 $1 $18 f6 (38... Re8 $142 39. d4 Rxc4 40. Rxc4 h4) 39. gxf6+ Kxf6 40. d4 Rxc4 41. Rxc4 {[%emt 0:00:00] KR-KR} h4 42. Rc2 Rg7 43. Rh2 Rh7 44. Kg4 Rg7+ 45. Kf3 (45. Kxh4 $142 Rg1 46. Kh3) 45... Rh7 $1 46. e4 h3 47. Kg3 Rd7 48. Rxh3 Rxd4 49. Kf3 Rb4 50. Rh5 Rxb6 51. Rf5+ Kg6 52. Rxa5 Rb4 53. Ra8 c5 54. a5 {[%emt 0:00:03] Black must now prevent a6.} c4 55. a6 bxa6 56. Rxa6+ Kh5 57. f5 Rb1 58. Rc6 Kg5 59. Rg6+ Kh5 60. Kf4 c3 61. Rc6 Rc1 62. Rc8 Kh6 63. Ke5 Kg5 64. Rg8+ Kh5 65. Rg3 Kh4 66. Rg2 Kh3 67. Ra2 Kg4 68. Kf6 c2 69. e5 Rf1 70. Rxc2 Rxf5+ {[%emt 0:00:03] White mates.} 71. Ke6 Rh5 72. Rf2 Rh8 73. Kd7 Ra8 74. e6 Ra7+ 75. Kd6 Ra6+ 76. Ke5 Kg5 77. e7 Ra1 78. Rf8 Re1+ 79. Kd6 Kh6 {[%emt 0:00:18] Weighted Error Value: White=0.28 (precise) /Black=0.48} 1-0

[Event "Fall GM-C Norm Invitational 2022"]
[Site "Charlotte"]
[Date "2022.11.21"]
[Round "8"]
[White "Escobar Forero, Alder"]
[Black "Slade, Theodore"]
[Result "1-0"]
[ECO "C47"]
[WhiteElo "2510"]
[BlackElo "2028"]
[Annotator "TA"]
[PlyCount "177"]
[EventDate "2022.11.18"]
[EventType "tourn"]
[EventCountry "USA"]
[SourceTitle "playchess.com"]
[Source "ChessBase"]
[SourceQuality "1"]
[TimeControl "5400+30"]

1. e4 e5 2. Nf3 Nc6 3. Nc3 Nf6 4. a3 d5 5. exd5 Nxd5 6. Bb5 {[%emt 0:01:13] C47: Scotch Four Knights and Four Knights with 4 g3.} Nxc3 7. bxc3 Bd6 8. d4 {[%emt 0:00:41] The position is equal.} exd4 9. cxd4 O-O 10. O-O Bg4 11. c3 Qf6 12. h3 Bxf3 13. Qxf3 Qxf3 14. gxf3 Ne7 15. Re1 Ng6 {[%emt 0:08:22] [#]} 16. Rb1 $146 ({Predecessor:} 16. Re4 f5 17. Re6 Nh4 18. Kf1 Rf6 19. Rxf6 gxf6 20. Rb1 Kg7 21. a4 c6 22. Bc4 {½-½ (51) Unat,C (2130)-Marn,J (2280) Belgrade 2021}) 16... c6 17. Bf1 b6 18. c4 Rfe8 19. Rd1 Nh4 20. Rb3 Re6 21. a4 Rae8 22. a5 bxa5 23. c5 Bc7 24. Be3 Nxf3+ 25. Kh1 $1 Kf8 (25... g5 $11) 26. Rb7 $14 R8e7 27. Bc4 (27. Rxa7 $14 {might be stronger.} h6 28. Bg2) 27... Re4 $11 28. Bd3 {[%emt 0:01:35] This bishop pair is nice.} Rxd4 (28... Rh4 $2 29. Be2 Nxd4 30. Rxd4 Rxd4 31. Bxd4 $18) 29. Bxd4 Nxd4 30. Bc4 Be5 31. Rxe7 Kxe7 $14 {[%emt 0:00:07][%mdl 4096] Endgame KRB-KBN} 32. f4 Bf6 33. Ra1 Ne6 $1 34. Rxa5 Bd4 (34... Nxf4 $14 35. Rxa7+ Kd8) 35. Rxa7+ $16 Kf6 {[%emt 0:01:14] [#]} 36. f5 (36. Rd7 $1 $16 {Hoping for Bxe6.} Bxc5 37. f5) 36... Kxf5 $14 37. Rxf7+ Bf6 $1 38. Rd7 {[%emt 0:06:08] Threatens to win with Bxe6+.} Be5 39. Bxe6+ ({Don't take} 39. Rf7+ $6 Bf6 40. Rd7 Nxc5 $16) 39... Kxe6 {[%emt 0:00:07] KR-KB} 40. Rd1 Bb8 $2 (40... g5 $11 {and Black stays safe.}) 41. Kg2 $18 Ba7 42. Rd6+ Ke7 43. Rxc6 {[%emt 0:00:11] Rc7+ would kill now.} Kd7 {[%emt 0:00:04] Prevents Rc7+.} 44. Rd6+ Kc7 45. Rd5 {[%emt 0:00:05] And now Rf5 would win.} Kc6 46. Rh5 h6 47. Kf3 Bxc5 48. Ke4 Be7 49. Rd5 Bf6 50. Rd1 h5 51. Kf5 h4 52. Ke6 Kc5 53. Rd5+ Kc6 54. Rf5 Bd8 55. Rf8 Ba5 56. Rg8 Be1 57. Rxg7 Bg3 58. Rg5 Bf2 59. Rf5 Bg3 60. Rd5 Bf2 61. Rd2 Bg3 62. Rc2+ Kb7 63. Rc5 Kb6 64. Kd5 Kb7 65. Rc6 Bf4 66. Rc4 Bg3 67. Rc2 Kb6 68. Rc3 Kb7 69. Rc6 Bf4 $1 70. Kc5 Bg3 71. Kb5 Be1 72. Rc4 Bg3 73. Kb4 Kb6 74. Kb3 Kb5 75. Rc8 Bf2 76. Kc3 Bg3 77. Kd4 Kb6 78. Ke4 Kb7 79. Rc3 Be1 80. Rc1 Bg3 81. Kf5 {[%emt 0:00:17] Threatening mate with Rc4.} Kb6 82. Kg5 {[%emt 0:00:20] Intending Rc4 and mate.} Kb7 $2 {[%emt 0:00:11] [#]} (82... Kb5 $18 83. Kg4 Bf2) 83. Rc4 {[%emt 0:02:28] White mates.} Kb6 84. Rxh4 Kc5 85. Re4 Kd5 86. Re8 Bc7 87. h4 Kd6 88. h5 Kd7 89. Re2 {[%emt 0:00:05] Weighted Error Value: White=0.06 (flawless) /Black=0.13 (very precise)} 1-0

[Event "Fall GM-C Norm Invitational 2022"]
[Site "Charlotte"]
[Date "2022.11.21"]
[Round "8"]
[White "Wang, Tianqi"]
[Black "Ippolito, Dean"]
[Result "1-0"]
[ECO "A48"]
[WhiteElo "2428"]
[BlackElo "2368"]
[Annotator "TA"]
[PlyCount "61"]
[EventDate "2022.11.18"]
[EventType "tourn"]
[EventCountry "USA"]
[SourceTitle "playchess.com"]
[Source "ChessBase"]
[SourceQuality "1"]
[TimeControl "5400+30"]

1. d4 Nf6 2. Nf3 g6 3. Nbd2 Bg7 4. e4 O-O 5. e5 Nh5 6. g4 {[%emt 0:00:14] A48: 1 d4 Nf6 2 Nf3 g6: Torre, London and Colle Systems.} Nf4 7. Ne4 d5 8. Ng3 {[%emt 0:00:06] The position is equal.} Ne6 9. Nf5 $1 {[%emt 0:00:05] [#]} f6 $146 (9... c5 $5 10. Nxg7 Nxg7 $11) ({Predecessor:} 9... c5 10. Nxg7 Nxg7 11. h3 cxd4 12. Bh6 Qa5+ 13. Qd2 Qxd2+ 14. Nxd2 Nc6 15. f4 f6 16. exf6 exf6 {1-0 (34) Vidit,S (2727)-Grandelius,N (2672) Wijk aan Zee 2022}) 10. Nxg7 Nxg7 11. h3 $36 {[%emt 0:00:23][%mdl 2048] White is pushing.} c5 $1 12. dxc5 fxe5 13. Nxe5 {[%emt 0:02:13] Black must now prevent Bg2.} Qa5+ {[%emt 0:08:20] White stays focused until the end.} (13... Nc6 $14) 14. Qd2 $16 Qxc5 15. Bg2 d4 16. Nd3 Qd6 17. b3 Nc6 18. Bb2 e5 (18... Bd7 $16) 19. O-O-O $18 Bd7 20. Rhe1 Rae8 21. Re2 Re7 22. Rde1 Rfe8 23. Kb1 b5 24. a3 a5 25. Bh1 b4 (25... a4 {was necessary.} 26. b4 Nd8) 26. a4 Kf7 $2 (26... Nd8 {was worth a try.} 27. f4 exf4) 27. Bxc6 {[%emt 0:06:16] White is clearly winning.} Bxc6 {[%emt 0:00:03] [#]} 28. Nxe5+ Rxe5 (28... Kg8 29. Nxc6) 29. Qf4+ Qf6 30. Qxf6+ ({Not} 30. Qxd4 R5e6 31. Qc4 (31. Qxf6+ Rxf6 32. Rxe8 Nxe8 $16) 31... Qf3 32. Bxg7 Qd5 33. Qxd5 (33. Rxe6 Rxe6 34. Qxd5 Bxd5 $16) 33... Bxd5 34. Rxe6 Rxe6 $16) 30... Kxf6 31. Rxe5 {[%emt 0:00:08] Weighted Error Value: White=0.06 (flawless) /Black=0.36} 1-0

[Event "Fall GM-C Norm Invitational 2022"]
[Site "Charlotte"]
[Date "2022.11.22"]
[Round "9"]
[White "Sethuraman, Sandeep"]
[Black "Wang, Tianqi"]
[Result "0-1"]
[ECO "A61"]
[WhiteElo "2371"]
[BlackElo "2428"]
[Annotator "TA"]
[PlyCount "80"]
[EventDate "2022.11.18"]
[EventType "tourn"]
[EventCountry "USA"]
[SourceTitle "playchess.com"]
[Source "ChessBase"]
[SourceQuality "1"]
[TimeControl "5400+30"]

1. d4 Nf6 2. c4 c5 3. d5 e6 4. Nc3 exd5 5. cxd5 d6 6. Nf3 g6 7. Bf4 a6 8. a4 Bg7 9. h3 O-O 10. e3 Ne8 {[%emt 0:00:11] A61: Modern Benoni: Nf3 without early e4.} 11. Nd2 Nd7 12. Be2 b6 {[%emt 0:01:39] White has an edge.} 13. O-O Ne5 14. Bh2 f5 15. Qb3 Rb8 16. f4 (16. Rfd1 $11) 16... Nf7 $1 $15 17. e4 {[%emt 0:02:28] [#]} fxe4 $146 ({Predecessor:} 17... Kh8 18. Kh1 Nc7 19. Nc4 fxe4 20. Nxe4 Bf5 21. Ng3 Nh6 22. Bf3 b5 23. axb5 axb5 {0-1 (45) Janik,I (2500)-Sowul,B (2186) Suwalki 2021}) 18. Ndxe4 b5 19. axb5 axb5 20. Bxb5 (20. Kh1 $15) 20... Nc7 $17 21. Qc4 Bf5 (21... Nxb5 $17 22. Nxb5 Bf5) 22. Bc6 $1 $15 Rxb2 23. Rae1 Qb8 {[%emt 0:15:17] Black is more active.} ({Don't take} 23... Rc2 24. Qb3 Bxc3 25. Qxc2 Bxe1 26. Rxe1 $11) 24. g4 {[%emt 0:06:09] [#]} (24. Rc1 $17) 24... Bc8 $1 $36 {[%emt 0:02:11][%cal Bf5c8,Bc8a6,Ba6d3][%mdl 2080] Black is really pushing.} 25. Ra1 Qb4 26. Qxb4 cxb4 ({Much weaker is} 26... Rxb4 $6 27. Ra7 Ne8 28. Re1 $11) 27. Na4 {[%emt 0:03:29] [#]} (27. Nb5 $17 {might work better.} Nxb5 28. Bxb5) 27... Re2 $1 28. Rae1 Ra2 {[%emt 0:00:35] Strongly threatening ...Ba6.} 29. Rb1 (29. Rd1 $142) 29... Ba6 30. Rf3 (30. Rfd1 Rb8 31. g5) 30... Bd4+ {[%emt 0:04:20] Black is clearly winning.} 31. Kh1 {[%emt 0:00:03] [#]} Ne5 $1 32. Rfb3 Nxc6 33. dxc6 Rxa4 34. Rxb4 Bd3 35. Nxd6 Ra2 {[%emt 0:08:06] aiming for ...Bc5.} 36. Rxd4 Bxb1 37. f5 Ra6 38. Rb4 Ba2 39. Be5 Rxc6 40. Rb7 Bd5+ {[%emt 0:00:11] Weighted Error Value: White=0.41/Black=0.08 (flawless)} 0-1

[Event "Fall GM-C Norm Invitational 2022"]
[Site "Charlotte"]
[Date "2022.11.22"]
[Round "9"]
[White "Rodriguez Garcia, Victor"]
[Black "Escobar Forero, Alder"]
[Result "1/2-1/2"]
[ECO "A46"]
[WhiteElo "2350"]
[BlackElo "2510"]
[Annotator "TA"]
[PlyCount "38"]
[EventDate "2022.11.18"]
[EventType "tourn"]
[EventCountry "USA"]
[SourceTitle "playchess.com"]
[Source "ChessBase"]
[SourceQuality "1"]
[TimeControl "5400+30"]

1. d4 Nf6 2. Nf3 d6 3. e3 Bg4 4. Be2 Nbd7 5. O-O e5 6. c4 Be7 7. Nc3 O-O 8. b3 c6 {[%emt 0:00:36] [#]} {Predecessor:} 9. Bb2 $146 {A53: Old Indian Defence without Nf3.} e4 10. Nd2 Bxe2 11. Qxe2 d5 12. f3 exf3 13. Qxf3 Nb6 14. Rad1 Bb4 15. e4 Bxc3 16. Bxc3 Nxe4 17. Nxe4 dxe4 18. Qxe4 Qd7 19. Rd3 Rae8 {0-1 (46) Nefedov,S (2313)-Pridorozhni,A (2580) Chess.com INT 2021} 1/2-1/2